 Dungeon Crawl Stone Soup version 0.28.0-53-g5a82cb258f (webtiles) character file.

Game seed: 5703283117278810418

30 Neuros91 the Slasher (level 3, -14/29 HPs)
             Began as a Human Fighter on June 16, 2022.
             Engulfed by a cloud of flame (21 damage)
             ... on level 1 of the Dungeon.
             The game lasted 00:01:17 (659 turns).

Neuros91 the Slasher (Human Fighter)                 Turns: 659, Time: 00:01:19

Health: -14/29     AC:  6    Str: 18    XL:     3   Next: 35%
Magic:  3/3        EV:  9    Int:  8    God:
Gold:   0          SH:  4    Dex: 12    Spells: 2/2 levels left

rFire   . . .      SeeInvis .   a - +0 long sword
rCold   . . .      Faith    .   c - +0 buckler
rNeg    . . .      Spirit   .   b - +0 scale mail
rPois   .          Reflect  .   (no helmet)
rElec   .          Harm     .   (no cloak)
rCorr   .          Rampage  .   (no gloves)
Will    .....                   (no boots)
Stlth   ..........              (no amulet)
HPRegen 0.09/turn               (no ring)
MPRegen 0.08/turn               (no ring)

@: no status effects
A: no striking features
a: no special abilities


You were on level 1 of the Dungeon.
You visited 1 branch of the dungeon, and saw 1 of its levels.

Inventory:

Hand Weapons
 a - a +0 long sword (weapon)
Armour
 b - a +0 scale mail (worn)
 c - a +0 buckler (worn)
Potions
 d - a potion of might
 e - a potion of resistance {unknown}


   Skills:
 - Level 3.0 Fighting
 + Level 3.5 Long Blades
 - Level 3.0 Armour
 - Level 3.0 Shields


You had 2 spell levels left.
You didn't know any spells.
Your spell library was empty.

Dungeon Overview and Level Annotations

Branches:
Dungeon (1/15)

Altars:


Message History

The frilled lizard hisses angrily.
The giant cockroach bites you but does no damage.
The giant cockroach misses you.
You hit the giant cockroach.
The giant cockroach is almost dead.
The giant cockroach bites you.
You barely miss the giant cockroach.
The giant cockroach is almost dead.
The giant cockroach barely misses you.
The frilled lizard bites you but does no damage.
The giant cockroach bites you but does no damage.
The frilled lizard barely misses you.
You slash the giant cockroach!
You kill the giant cockroach!
You block the frilled lizard's attack.
You hit the frilled lizard but do no damage.
The frilled lizard misses you.
You closely miss the frilled lizard. The frilled lizard barely misses you.
You miss the frilled lizard. The frilled lizard barely misses you.
You slash the frilled lizard!
You kill the frilled lizard!
No target in view!
f - a scroll labelled XOIMUT MACLY You see here a giant cockroach corpse.
Okay, then.
Found a stone staircase leading down.
There is a stone staircase leading down here.
A ball python comes into view.
As you read the scroll labelled XOIMUT MACLY, it crumbles to dust.
The creatures around you are filled with an inner flame!
It was a scroll of immolation.
You block the ball python's attack. The ball python closely misses you.
You hit the ball python.
The ball python explodes!
The fiery explosion engulfs you!!
Ouch! That really hurt!
* * * LOW HITPOINT WARNING * * *
You are engulfed in blazing flames.
Ouch! That really hurt!
You die...

##################
#......>..........
#.#####...........
#.# ############
#######.#
.......@#
###....§§§...#
#....§§§...#
#..........#
#..........#
#............
#...........#
#...........#


There were no monsters in sight!

Vanquished Creatures
  2 dart slugs (D:1)
  An endoplasm (D:1)
  A giant cockroach (D:1)
  2 goblins (D:1)
  3 hobgoblins (D:1)
  4 jackals (D:1)
  2 kobolds (D:1)
  2 quokkas (D:1)
  2 ball pythons (D:1)
  3 bats (D:1)
  A frilled lizard (D:1)
  A rat (D:1)
24 creatures vanquished.

Notes
Turn   | Place    | Note
-------+----------+-------------------------------------------
     0 | D:1      | Neuros91 the Human Fighter began the quest for the Orb.
     0 | D:1      | Reached XP level 1. HP: 18/18 MP: 1/1
    27 | D:1      | Reached XP level 2. HP: 11/24 MP: 2/2
   358 | D:1      | Reached XP level 3. HP: 27/29 MP: 3/3
   659 | D:1      | Engulfed by a cloud of flame

Illustrated notes

Levels and vault maps discovered:
D:1:      lightli_arrival_noodles, layout_basic, ebering_ecumenical_altar_hall

Skill      XL: |  1  2 |
---------------+-------+-----
Long Blades    | 3 |  3.5
Fighting       | |  3.0
Armour         | |  3.0
Shields        | |  3.0

Action                   || total
-------------------------++-------
Melee: Long sword        ||    57
  Use: Scroll            ||     1
Armor: Scale mail        ||    37
Dodge: Dodged            ||    33
Block: Buckler           ||    13
